 Dungeon Crawl Stone Soup version 0.21.1-1-g345015f (webtiles) character file.

4736 Lilu the Destroyer (level 10, -10/64 HPs)
             Began as a Deep Elf Conjurer on July 26, 2018.
             Was a Believer of Vehumet.
             Mangled by a quicksilver dragon skeleton (13 damage)
             ... on level 2 of the Abyss.
             The game lasted 01:07:43 (12297 turns).

Lilu the Destroyer (Deep Elf Conjurer)             Turns: 12297, Time: 01:07:44

Health: -10/64     AC:  6    Str: 11    XL:     10   Next: 22%
Magic:  2/25       EV: 16    Int: 22    God:    Vehumet [**....]
Gold:   356        SH:  0    Dex: 15    Spells: 15/27 levels left

rFire    . . .     SeeInvis .   p - +2 mace (crush)
rCold    . . .     Gourm    .   (no shield)
rNeg     . . .     Faith    .   a - +0 robe
rPois    +         Spirit   .   K - +2 hat
rElec    .         Reflect  .   v - +0 cloak
rCorr    .         Harm     .   (no gloves)
MR       +....                  P - +0 pair of boots
Stlth    ++........             S - amulet of regeneration
HPRegen  0.60/turn              j - ring of poison resistance
MPRegen  0.19/turn              k - +4 ring of strength

@: very slightly contaminated, invisible
A: no striking features
a: Renounce Religion


You were on level 2 of the Abyss.
You worshipped Vehumet.
Vehumet was pleased with you.
You were not hungry.

You visited 2 branches of the dungeon, and saw 10 of its levels.
You visited the Abyss 1 time.
You also visited: Ossuary.

You collected 356 gold pieces.

Inventory:

Hand Weapons
 p - a +2 mace of crushing (weapon)
 X - a +0 hand axe of electrocution
Missiles
 w - 2 throwing nets (quivered)
 x - 221 stones
 A - 19 poisoned needles
Armour
 a - a +0 robe (worn)
 v - a +0 cloak (worn)
 D - a +1 ring mail of cold resistance
 K - a +2 hat (worn)
 P - a +0 pair of boots (worn)
 W - a +2 leather armour of cold resistance
Magical Staves
 t - an uncursed staff of air
Jewellery
 f - a +1 ring of protection
 j - a ring of poison resistance (left hand)
 k - a +4 ring of strength (right hand)
 S - an amulet of regeneration (around neck)
 V - an uncursed ring of flight
Wands
 E - a wand of scattershot (8)
 J - a wand of paralysis (38)
 O - a wand of flame (23)
 Q - a wand of acid (7)
 T - a wand of polymorph (14)
 U - a wand of enslavement (7)
Scrolls
 d - a scroll of fear {unknown}
 e - 5 scrolls of enchant weapon {unknown}
 i - 8 scrolls of identify
 m - 2 scrolls of magic mapping
 n - 7 scrolls of remove curse
 q - 4 scrolls of teleportation {unknown}
 r - 2 scrolls of blinking {unknown}
 u - a scroll of torment {unknown}
 y - a scroll of noise {unknown}
 B - 2 scrolls of fog {unknown}
 F - a scroll of immolation {unknown}
 L - a scroll of amnesia {unknown}
 M - 2 scrolls of enchant armour {unknown}
Potions
 g - 4 potions of flight {unknown}
 h - a potion of haste {unknown}
 l - 3 potions of curing {unknown}
 o - 5 potions of might {unknown}
 s - 5 potions of heal wounds {unknown}
 z - 2 potions of cancellation {unknown}
 C - 2 potions of brilliance {unknown}
 G - a potion of resistance {unknown}
 H - 2 potions of lignification {unknown}
 I - a potion of invisibility
 N - 2 potions of agility {unknown}
 R - a potion of degeneration {unknown}
Books
 b - a book of Conjurations

   Spells                             Type                      Level
   a - Magic Dart                     Conjuration                  1
   b - Searing Ray                    Conjuration                  2
   c - Dazzling Spray                 Conjuration/Hexes            3
   d - Fulminant Prism                Conjuration/Hexes            4
   e - Force Lance                    Conjuration/Translocation    4
   f - Iskenderun's Mystic Blast      Conjuration                  4
 Z - a book of Changes

   Spells                             Type                      Level
   a - Beastly Appendage              Transmutation                1
   b - Sticks to Snakes               Transmutation                2
   c - Spider Form                    Transmutation/Poison         3
   d - Ice Form                       Ice/Transmutation            4
   e - Blade Hands                    Transmutation                5
Comestibles
 c - 15 rations


   Skills:
 - Level 8.0 Fighting
 - Level 6.0 Dodging
 - Level 2.4 Stealth
 + Level 9.3 Spellcasting
 - Level 10.1 Conjurations


You had 15 spell levels left.
You knew the following spells:

 Your Spells              Type           Power        Failure   Level  Hunger
a - Magic Dart            Conj           ####         1%          1    None
b - Searing Ray           Conj           ######       1%          2    None
c - Iskenderun's Mystic   Conj           ######..     1%          4    ##.....
d - Flame Tongue          Conj/Fire      ####.        1%          1    None
e - Force Lance           Conj/Tloc      ####....     8%          4    ##.....


Dungeon Overview and Level Annotations

Branches:
Dungeon (9/15)             Temple (1/1) D:5
   Lair: D:8-11         Orc: D:9-12

Altars:
Ashenzari
Cheibriados
Dithmenos
Elyvilon
Fedhas
Gozag
Hepliaklqana
Kikubaaqudgha
Makhleb
Nemelex Xobeh
Okawaru
Qazlal
Sif Muna
Trog
Vehumet
Wu Jian
Xom
Yredelemnul
Zin
The Shining One

Annotations:
D:4 suomip's ghost, amateur MiBe


Message History

Press: ? - help, Shift-Dir - straight line, f/p - quicksilver dragon skeleton
Aim: a quicksilver dragon skeleton (heavily damaged)
The orb of energy hits the quicksilver dragon skeleton.
The quicksilver dragon skeleton is severely damaged.
The orb of energy explodes!
The quicksilver dragon skeleton bites you!!
* * * LOW HITPOINT WARNING * * *
The quicksilver dragon skeleton barely misses you. x2
The quicksilver dragon skeleton claws you!
* * * LOW HITPOINT WARNING * * *
You fade into invisibility!
The quicksilver dragon skeleton misses you.
The quicksilver dragon skeleton closely misses you.
You are very lightly contaminated with residual magic.
The quicksilver dragon skeleton misses you.
The quicksilver dragon skeleton claws you!
* * * LOW HITPOINT WARNING * * *
A tentacled starspawn comes into view.
The quicksilver dragon skeleton bites you!
You die...

#.........# .#
#.........#. #
#............##
#.......∩.##. # #
#.........##..#
#.#..........#.#
#..............######.
#.....∩...#........#
..#.##.#@...#.........#
#.# #.Z#..#.#... ....
#......#....##........
..##.#.....#.....#... .
..........♣..........
#...X.............. ?..
#......................
.....♣♣...♣♣........ ..
.... ♣.#.♣♣.....# ....


You could see a tentacled starspawn and a quicksilver dragon skeleton.

Vanquished Creatures
  Joseph (D:7)
  A centaur skeleton (D:7)
  Grinder (D:3)
  Eustachio (D:6)
  4 ice beasts
  4 orc warriors
  3 sky beasts
  2 phantoms
  5 ogres
  A crocodile (D:8)
  2 centaurs
  A bullfrog (D:8)
  4 scorpions
  A howler monkey (D:8)
  2 crimson imps
  A bullfrog zombie (D:9)
  A jelly (D:7)
  A quasit (D:8)
  8 orc priests
  2 hounds
  3 bullfrog skeletons
  A centaur zombie (D:6)
  Ijyb (D:5)
  7 iguanas
  Natasha (thrice) (D:3)
  4 orc wizards
  11 worker ants
  2 hound zombies (Ossuary)
  A hound skeleton (D:8)
  4 mummies (Ossuary)
  2 worker ant zombies
  12 adders
  9 gnolls
  A shadow imp (D:8)
  An adder zombie (Ossuary)
  4 adder skeletons
  3 worms
  3 dart slugs
  9 leopard geckos
  13 orcs
  A ball python (D:2)
  7 giant cockroaches
  A gnoll zombie (Ossuary)
  7 goblins
  5 hobgoblins (D:1)
  8 jackals
  A quokka (D:8)
  8 bats
  8 frilled lizards
  A goblin zombie (Ossuary)
  4 hobgoblin zombies (Ossuary)
  A jackal zombie (Ossuary)
  11 kobolds
  A kobold zombie (Ossuary)
  A quokka zombie (D:5)
  12 rats
  A rat zombie (Ossuary)
218 creatures vanquished.

Vanquished Creatures (others)
  7 plants (D:8)
7 creatures vanquished.

Grand Total: 225 creatures vanquished

Notes
Turn   | Place    | Note
-------+----------+-------------------------------------------
     0 | D:1      | Lilu the Deep Elf Conjurer began the quest for the Orb.
     0 | D:1      | Reached XP level 1. HP: 10/10 MP: 6/6
   323 | D:1      | Reached XP level 2. HP: 15/15 MP: 6/8
   366 | D:1      | Reached skill level 5 in Conjurations
  1138 | D:2      | Reached XP level 3. HP: 13/19 MP: 5/9
  1174 | D:2      | Learned a level 2 spell: Searing Ray
  1234 | D:2      | Reached skill level 6 in Conjurations
  1661 | D:2      | Found an ornate altar of the Wu Jian Council.
  1662 | D:2      | Found a bloodstained altar of Trog.
  1810 | D:3      | Reached XP level 4. HP: 20/24 MP: 10/10
  1856 | D:3      | Learned a level 4 spell: Iskenderun's Mystic Blast
  2083 | D:3      | HP: 1/24 [gnoll/whip (7)]
  2451 | D:3      | Noticed Natasha
  2456 | D:3      | Killed Natasha
  2456 | D:3      | Reached skill level 7 in Conjurations
  2456 | D:3      | Reached XP level 5. HP: 28/28 MP: 1/11
  2549 | D:3      | Noticed Natasha
  2552 | D:3      | Killed Natasha
  2703 | D:3      | Noticed Grinder
  2752 | D:3      | Noticed Natasha
  2753 | D:3      | Killed Natasha
  2930 | D:3      | Paralysed by Grinder for 4 turns
  2969 | D:2      | Found a snail-covered altar of Cheibriados.
  2969 | D:2      | Found an opulent altar of Gozag.
  3284 | D:3      | Killed Grinder
  3284 | D:3      | Reached skill level 8 in Conjurations
  3284 | D:3      | Reached XP level 6. HP: 32/32 MP: 2/12
  3684 | D:2      | Reached skill level 9 in Conjurations
  3887 | D:4      | Noticed suomip's ghost (amateur MiBe)
  4044 | D:4      | Found a sand-covered staircase.
  4049 | Ossuary  | Entered an ossuary
  4055 | Ossuary  | Reached XP level 7. HP: 35/36 MP: 6/13
  5592 | D:4      | Reached skill level 10 in Conjurations
  5834 | D:5      | Entered Level 5 of the Dungeon
  5839 | D:5      | Reached skill level 1 in Fighting
  6216 | D:5      | Reached XP level 8. HP: 36/46 MP: 10/14
  6312 | D:5      | Found a shimmering altar of Xom.
  6312 | D:5      | Found a shimmering altar of Xom.
  6314 | D:5      | Found a shimmering altar of Xom.
  6330 | D:5      | Found a shimmering altar of Xom.
  6640 | D:5      | Noticed Ijyb
  6932 | D:5      | Paralysed by something for 6 turns
  6942 | D:5      | Killed Ijyb
  7113 | D:5      | Found a staircase to the Ecumenical Temple.
  7120 | Temple   | Entered the Ecumenical Temple
  7128 | Temple   | Became a worshipper of Vehumet
  7531 | D:5      | Found a blossoming altar of Fedhas.
  7787 | D:6      | Reached skill level 5 in Fighting
  7928 | D:6      | Noticed Eustachio
  8081 | D:6      | Found a shattered altar of Ashenzari.
  8236 | D:6      | Killed Eustachio
  8764 | D:6      | Found a deep blue altar of Sif Muna.
  8898 | D:7      | Noticed Joseph
  8915 | D:7      | Killed Joseph
  8915 | D:7      | Reached XP level 9. HP: 20/55 MP: 1/20
  9236 | D:7      | Reached * piety under Vehumet
  9236 | D:7      | Offered knowledge of Flame Tongue by Vehumet.
  9368 | D:7      | Learned a level 1 spell: Flame Tongue
 10200 | D:7      | Found a burning altar of Makhleb.
 10200 | D:7      | Found an iron altar of Okawaru.
 10201 | D:7      | Found a shadowy altar of Dithmenos.
 10202 | D:7      | Found a stormy altar of Qazlal.
 10204 | D:7      | Found a shimmering altar of Xom.
 10822 | D:8      | Found a glowing golden altar of the Shining One.
 11340 | D:8      | Reached XP level 10. HP: 45/63 MP: 21/25
 11404 | D:8      | Reached skill level 5 in Dodging
 11406 | D:8      | Reached ** piety under Vehumet
 11569 | D:8      | Offered knowledge of Sting by Vehumet.
 11636 | D:8      | Learned a level 4 spell: Force Lance
 12247 | D:9      | Noticed a wizard
 12266 | D:9      | Cast into level 2 of the Abyss (a wizard)
 12294 | Abyss:2  | HP: 1/64 [quicksilver dragon skeleton (8)]
 12295 | Abyss:2  | Noticed a tentacled starspawn
 12297 | Abyss:2  | Mangled by a quicksilver dragon skeleton

Skill      XL: |  1  2  3  4  5  6  7  8  9 10 |
---------------+-------------------------------+-----
Conjurations   | 5 6 7 8 9 10 | 10.1
Fighting       | 3 6 7 8 |  8.0
Spellcasting   | 6 9 |  9.3
Dodging        | 4 6 |  6.0
Stealth        | |  2.4

Action                   |  1- 3 |  4- 6 |  7- 9 | 10-12 || total
-------------------------+-------+-------+-------+-------++-------
Melee: Unarmed           |     5 |       |       |       ||     5
       Mace              |    16 |    46 |    72 |    32 ||   166
 Cast: Magic Dart        |    60 |    27 |   104 |    13 ||   204
       Searing Ray       |     1 |     6 |    38 |     9 ||    54
       Iskenderun's Myst |       |    15 |    74 |    27 ||   116
  Use: Scroll            |     2 |       |     1 |       ||     3
       Potion            |       |       |       |     1 ||     1
 Stab: Sleeping          |       |     1 |     2 |       ||     3
  Eat: Chunk             |     3 |     7 |    25 |     4 ||    39
       Ration            |       |     1 |     2 |       ||     3
Armor: Robe              |     4 |    25 |    83 |    16 ||   128
Dodge: Dodged            |    16 |    56 |   210 |    56 ||   338
